 Dungeon Crawl Stone Soup version 0.22.1-2-g9c5b331 (webtiles) character file.

108115 Matador8 the Geomancer (level 16, -1/101 HPs)
             Began as a Gargoyle Earth Elementalist on Dec 21, 2018.
             Was the Champion of Nemelex Xobeh.
             Killed from afar by a lindwurm (41 damage)
             ... with a blast of flame
             ... on level 3 of the Swamp on Dec 22, 2018.
             The game lasted 04:31:57 (37806 turns).

Matador8 the Geomancer (GrEE)                      Turns: 37806, Time: 04:32:27

Health: -1/101     AC: 32    Str: 13    XL:     16   Next: 48%
Magic:  25/39      EV: 13    Int: 25    God:    Nemelex Xobeh [******]
Gold:   2137       SH:  0    Dex: 10    Spells: 15/35 levels left

rFire    . . .     SeeInvis .   q - +1 rapier (venom)
rCold    . . .     Gourm    .   (no shield)
rNeg     + + +     Faith    .   e - +4 ring mail of the Greedy {rPois rN++ Stlth-}
rPois    ∞         Spirit   .   o - +2 helmet {Int+3}
rElec    +         Reflect  .   t - +2 cloak {rPois}
rCorr    .         Harm     .   m - +2 pair of gloves
MR       ++...                  (no boots)
Stlth    ++........             P - amulet of rage
HPRegen  0.26/turn              G - ring of protection from magic
MPRegen  0.26/turn              x - ring of magical power

@: flying, very slightly contaminated
A: big wings, negative energy resistance 1, electricity resistance, unbreathing,
petrification resistance, rot immunity, AC +12
a: Stop Flying, Triple Draw, Deal Four, Stack Five, Renounce Religion, Evoke
Berserk Rage


You were on level 3 of the Swamp.
You worshipped Nemelex Xobeh.
Nemelex Xobeh was exalted by your worship.
You were not hungry.

You visited 5 branches of the dungeon, and saw 26 of its levels.

You collected 2369 gold pieces.
You spent 232 gold pieces at shops.

Inventory:

Hand Weapons
 q - a +1 rapier of venom (weapon)
 W - a +0 rapier of draining
Missiles
 f - 2 throwing nets (quivered)
 O - 170 stones
Armour
 e - the +4 ring mail of the Greedy (worn) {rPois rN++ Stlth-}
   (You found it on level 7 of the Dungeon)

   It protects you from poison.
   It greatly protects you from negative energy.
   It makes you less stealthy.
 m - a +2 pair of gloves (worn)
 o - a +2 helmet of intelligence (worn)
 t - a +2 cloak of poison resistance (worn)
Magical Staves
 b - an uncursed staff of wizardry
Jewellery
 k - an uncursed ring of positive energy
 x - a ring of magical power (right hand)
 B - an uncursed ring of wizardry
 G - a ring of protection from magic (left hand)
 P - an amulet of rage (around neck)
Wands
 h - a wand of clouds (5)
 j - a wand of enslavement (15)
 w - a wand of iceblast (11)
 y - a wand of digging (14)
 M - a wand of paralysis (12)
 U - a wand of disintegration (23)
Scrolls
 n - 6 scrolls of identify
 r - 12 scrolls of remove curse
 s - 8 scrolls of teleportation
 u - 3 scrolls of immolation
 A - 7 scrolls of magic mapping
 J - a scroll of fear
 L - a scroll of holy word
 Q - 4 scrolls of enchant armour
 R - 2 scrolls of blinking
 S - a scroll of vulnerability
 T - 2 scrolls of silence
Potions
 a - 2 potions of agility
 c - 5 potions of haste
 i - 3 potions of might
 p - 4 potions of berserk rage
 z - 7 potions of brilliance
 C - 2 potions of heal wounds
 E - a potion of ambrosia
 F - 4 potions of curing
 V - 2 potions of cancellation
Miscellaneous
 g - an ornate deck of destruction {drawn: 6}
 l - a legendary deck of summoning
 v - a legendary deck of escape
 Z - an ornate deck of summoning {drawn: 4}
Comestibles
 d - 18 rations


   Skills:
 - Level 12.0 Fighting
 + Level 9.2 Short Blades
 - Level 4.3 Throwing
 - Level 6.9 Armour
 - Level 6.4 Dodging
 - Level 9.5 Stealth
 - Level 10.3 Spellcasting
 - Level 8.1 Conjurations
 - Level 5.2 Transmutations
 + Level 12.9 Earth Magic
 - Level 12.0 Invocations
 - Level 5.0 Evocations


You had 15 spell levels left.
You knew the following spells:

 Your Spells              Type           Power        Failure   Level  Hunger
a - Sandblast             Erth           ######       1%          1    None
b - Passwall              Tmut/Erth      ######..     1%          2    None
c - Stone Arrow           Conj/Erth      ######       1%          3    None
d - Petrify               Tmut/Erth      ######..     2%          4    None
e - Lee's Rapid Deconstr  Erth           ######....   1%          5    ####...
f - Irradiate             Conj/Tmut      #####.....   16%         5    ####...

Your spell library contained the following spells:

 Spells                   Type           Power        Failure   Level  Hunger
 Sting                    Conj/Pois      ####         1%          1    None
 Conjure Flame            Conj/Fire      ####....     5%          3    None
 Mephitic Cloud           Conj/Pois/Air  ####....     9%          3    None
 Animate Skeleton         Necr           N/A          10%         1    None
 Apportation              Tloc           ##....       10%         1    None
 Confusing Touch          Hex            ##....       10%         1    None
 Pain                     Necr           ##..         10%         1    None
 Summon Butterflies       Summ           ##......     10%         1    None
 Summon Small Mammal      Summ           ##..         10%         1    None
 Poisonous Vapours        Pois/Air       ##....       14%         2    None
 Call Canine Familiar     Summ           ##......     28%         3    None
 Regeneration             Chrm/Necr      ##........   28%         3    None
 Vampiric Draining        Necr           ##........   28%         3    None
 Venom Bolt               Conj/Pois      ####......   43%         5    ####...
 Animate Dead             Necr           N/A          67%         4    None
 Olgreb's Toxic Radiance  Pois           ##......     67%         4    None
 Summon Ice Beast         Ice/Summ       ##......     67%         4    None
 Hydra Form               Tmut           #####.....   86%         6    #####..
 Summon Mana Viper        Hex/Summ       ##......     95%         5    ####...
 Freezing Cloud           Conj/Ice/Air   ####......   99%         6    #####..
 Dragon Form              Tmut           #####.....   100%        7    #######
 Ring of Flames           Chrm/Fire      ##........   100%        7    #######
 Summon Hydra             Summ           ##........   100%        7    #######
 Statue Form              Tmut/Erth      Unusable     N/A         6    N/A

Dungeon Overview and Level Annotations

Branches:
Dungeon (15/15)            Temple (1/1) D:6            Lair (4/6) D:10
  Swamp (4/4) Lair:3        Snake (0/4) Lair:2          Orc (2/2) D:11
    Elf (0/3) Orc:2        Vaults (0/5) D:14         Depths (0/5) D:15

Altars:
Ashenzari
Cheibriados
Dithmenos
Elyvilon
Fedhas
Gozag
Hepliaklqana
Kikubaaqudgha
Makhleb
Nemelex Xobeh
Okawaru
Qazlal
Ru
Sif Muna
Trog
Uskayaw
Vehumet
Wu Jian
Xom
Yredelemnul
Zin
The Shining One
Beogh

Shops:
D:11 *   Orc:2 [(%:[

Annotations:
D:4 Edmund
D:10 3 runed doors, zapotec's ghost, journeyman TrFi
D:15 exclusion: Roxanne, Roxanne


Innate Abilities, Weirdness & Mutations

You are resistant to torment.
Your stone body is resilient. (AC +12)
You are immune to poison.
Your large and strong wings let you fly indefinitely.
You resist negative energy. (rN+)
You are resistant to electric shocks. (rElec)
You can survive without breathing.
You are immune to petrification.
You are immune to rotting.


Message History

Casting: Sandblast (safe; 1% risk of failure)
Confirm with . or Enter, or press ? or * to list all spells.
Aiming: Stone Arrow (safe; 1% risk of failure)
Press: ? - help, Shift-Dir - straight line, f/p - lindwurm
Aim: a lindwurm (heavily wounded, petrified)
The stone arrow hits the lindwurm.
The lindwurm is heavily wounded.
Casting: Stone Arrow (safe; 1% risk of failure)
Confirm with . or Enter, or press ? or * to list all spells.
Aiming: Sandblast (safe; 1% risk of failure)
Press: ? - help, Shift-Dir - straight line, f/p - lindwurm
Aim: a lindwurm (heavily wounded, petrified)
The blast of sand hits the lindwurm.
The lindwurm is severely wounded.
O - 170 stones The lindwurm is no longer petrified.
The lindwurm breathes flames at you. The blast of flame hits you!
You die...
Your body disappears without a glow.

#.#....##.♣♣♣≈♣.≈≈≈≈≈≈≈≈.≈≈..≈≈.♣
}.#....##..♣♣♣♣♣.≈≈≈≈≈≈..≈≈.....♣
........#.≈..♣♣≈≈≈≈≈≈≈..≈≈≈.♣≈..♣
.......##.≈≈.....≈.≈≈≈..≈≈..≈.≈≈♣
..........♣♣.≈..≈≈.≈≈≈..≈≈..≈.≈.♣
#.........≈..♣♣♣.≈≈≈.♣♣.≈≈.≈♣♣♣♣♣
#.#.###...)...♣♣.≈≈.♣♣♣.≈≈≈.♣
......#..≈≈≈.>≈≈≈≈≈.♣ ♣.≈≈≈.♣
....###.♣♣♣♣.k..@≈.≈♣ ♣.≈≈≈.♣
.......♣♣ ♣≈..≈≈..♣♣♣ ♣♣≈≈♣♣♣
.§[..≈≈♣♣♣♣.≈≈≈≈≈.≈♣ ♣..♣♣
≈♣§...♣♣.).≈≈≈≈....♣ ♣≈≈.♣
.≈≈>≈.♣♣♣≈≈.≈≈≈≈≈≈♣♣ ♣.≈.♣
≈§....♣♣♣♣♣♣≈≈≈≈≈≈.♣♣ ♣♣♣♣♣
≈≈≈♣♣..♣♣≈♣.≈≈≈≈≈..≈♣
≈≈≈♣♣.≈..≈≈...≈≈≈.≈.♣
≈≈.♣♣♣♣♣≈≈≈...≈≈≈.≈§♣♣♣ ♣♣♣♣♣


You could see a lindwurm.

Vanquished Creatures
  A thorn hunter (Swamp:3)
  An orc warlord (Orc:1)
  A fire dragon (D:15)
  Josephine (D:14)
  An ogre mage (D:15)
  Erolcha (D:10)
  13 hydras
  A ghost crab (Swamp:3)
  12 alligators
  5 two-headed ogres
  8 centaur warriors
  2 orc high priests
  3 tengu warriors (D:14)
  2 skeletal warriors (D:14)
  4 unseen horrors
  A shambling mangrove (Swamp:3)
  2 swamp dragons (Swamp:3)
  A harpy (Lair:4)
  2 orc knights (D:15)
  A manticore (D:14)
  15 ugly things
  5 orc sorcerers
  7 cyclopes
  6 elephants
  Psyche (D:8)
  2 centaur zombies (D:14)
  A black mamba (Lair:1)
  A gargoyle (D:15)
  12 spiny frogs
  A kobold demonologist (D:14)
  A rime drake (Lair:3)
  An ice devil (Lair:1)
  3 komodo dragons
  8 trolls
  6 dream sheep
  8 tyrant leeches
  17 blink frogs
  2 bog bodies
  8 hornets
  7 hippogriffs
  6 slime creatures
  4 spriggans
  A shadow (Swamp:2)
  28 yaks
  4 hogs (D:9)
  5 basilisks
  5 wraiths (D:14)
  2 wyverns
  A human (D:9)
  2 steam dragons (D:10)
  7 vampire mosquitoes
  A hungry ghost (D:8)
  7 insubstantial wisps
  3 nagas (Lair:2)
  7 swamp worms
  2 soldier ants
  6 wargs
  2 acid dragons
  7 porcupines
  8 water moccasins
  5 ice beasts
  45 orc warriors
  6 swamp drakes
  3 phantoms
  6 sky beasts
  An eye of draining (D:12)
  A hornet zombie (D:15)
  A necrophage (D:13)
  9 wolves
  9 ogres
  12 centaurs
  5 crocodiles
  2 big kobolds
  14 bullfrogs
  3 wyvern skeletons
  4 scorpions
  3 wights (D:15)
  A howler monkey (D:12)
  2 bullfrog zombies
  5 crimson imps
  A quasit (D:11)
  7 hounds
  32 orc priests
  Crazy Yiuf (D:2)
  8 centaur skeletons
  A jelly (D:10)
  28 orc wizards
  4 iguanas
  5 worker ants
  A hound skeleton (D:10)
  12 adders
  12 gnolls
  2 shadow imps
  An ooze (D:5)
  An adder skeleton (D:8)
  An adder zombie (D:7)
  2 worms (D:2)
  4 dart slugs
  A leopard gecko (D:6)
  125 orcs
  9 bats
  5 giant cockroaches
  10 goblins
  5 hobgoblins
  7 jackals
  15 kobolds
  6 quokkas
  5 frilled lizards
  A jackal skeleton (D:4)
  A quokka skeleton (D:4)
  A quokka zombie (D:5)
  6 rats
740 creatures vanquished.

Vanquished Creatures (collateral kills)
  Frances (D:14)
  An orc warlord (Orc:2)
  Nessos (Lair:3)
  A fire dragon (Swamp:4)
  Harold (Orc:1)
  An ice dragon (D:15)
  A ghost crab (Swamp:1)
  A hydra (Lair:4)
  An alligator (Swamp:2)
  2 two-headed ogres
  A tengu warrior (D:15)
  Nergalle (D:10)
  A skeletal warrior (D:13)
  A spriggan druid (Swamp:2)
  A shambling mangrove (Swamp:2)
  A cyclops (D:14)
  An orb spider (Lair:4)
  A black mamba (Lair:1)
  Joseph (D:7)
  An elephant (Lair:3)
  A spiny frog (Swamp:2)
  A komodo dragon (Lair:2)
  A troll (D:11)
  A hornet (Swamp:2)
  A bog body (Swamp:1)
  2 spriggans (Swamp:2)
  A redback (Lair:4)
  A yak (Lair:1)
  A basilisk (D:11)
  3 vampire mosquitoes (Swamp:3)
  11 insubstantial wisps
  An orc warrior (Orc:1)
  A swamp drake (Swamp:4)
  An ice beast (D:10)
  A wolf (Lair:1)
  4 centaurs
  A gnoll sergeant (D:8)
  A crimson imp (D:8)
  An orc priest (D:7)
  A jelly (D:14)
  An orc wizard (Orc:1)
  An iguana (D:11)
  2 gnolls (D:10)
  8 orcs
  A jackal (D:11)
70 creatures vanquished.

Vanquished Creatures (others)
  A spiny frog (Swamp:1)
  A blink frog (Swamp:3)
  A slime creature (Swamp:3)
  A dream sheep (Lair:4)
  2 steam dragons (Swamp:4)
  A swamp worm (Swamp:1)
  4 swamp drakes (Swamp:4)
  7 fungi
  7 plants
25 creatures vanquished.

Grand Total: 835 creatures vanquished

Notes
Turn   | Place    | Note
-------+----------+-------------------------------------------
     0 | D:1      | Matador8 the Gargoyle Earth Elementalist began the quest
                  | for the Orb.
     0 | D:1      | Reached XP level 1. HP: 10/10 MP: 3/3
   229 | D:1      | Reached XP level 2. HP: 14/15 MP: 1/5
   944 | D:2      | Reached XP level 3. HP: 14/19 MP: 2/6
  1064 | D:2      | Learned a level 2 spell: Passwall
  1067 | D:2      | Reached skill level 5 in Earth Magic
  1163 | D:1      | Reached XP level 4. HP: 24/24 MP: 0/7
  2249 | D:2      | Found a runed door.
  2253 | D:2      | Noticed Crazy Yiuf
  2256 | D:2      | Killed Crazy Yiuf
  2256 | D:2      | Reached XP level 5. HP: 28/28 MP: 5/8
  2343 | D:2      | Learned a level 3 spell: Stone Arrow
  3227 | D:3      | Reached XP level 6. HP: 28/32 MP: 7/9
  3550 | D:4      | Found an opulent altar of Gozag.
  3890 | D:4      | Noticed Edmund
  4014 | D:4      | Got a fine spear
  4175 | D:4      | Reached skill level 5 in Stealth
  4556 | D:5      | Entered Level 5 of the Dungeon
  4687 | D:5      | Noticed a phantom
  4700 | D:5      | Killed a phantom
  4700 | D:5      | Reached skill level 1 in Short Blades
  4700 | D:5      | Reached XP level 7. HP: 36/36 MP: 0/10
  5013 | D:5      | Found a glowing golden altar of the Shining One.
  5251 | D:6      | Found a staircase to the Ecumenical Temple.
  5270 | Temple   | Entered the Ecumenical Temple
  5323 | Temple   | Became a worshipper of Nemelex Xobeh the Trickster
  5430 | D:6      | Reached skill level 1 in Fighting
  5430 | D:6      | Reached skill level 1 in Invocations
  5494 | D:6      | Received a gift from Nemelex Xobeh
  5732 | D:6      | Found a sand-covered staircase.
  6083 | D:7      | Reached XP level 8. HP: 40/44 MP: 12/12
  6402 | D:7      | Received a gift from Nemelex Xobeh
  6636 | D:7      | Reached * piety under Nemelex Xobeh
  6702 | D:7      | Noticed a hippogriff
  6703 | D:7      | Noticed a wyvern
  6724 | D:7      | Killed a hippogriff
  6886 | D:7      | Noticed Joseph
  6896 | D:7      | Killed Joseph
  6961 | D:7      | Got a spiked ring mail
  6973 | D:7      | Identified the +4 ring mail of the Greedy {rPois rN++
                  | Stlth-} (You found it on level 7 of the Dungeon)
  7304 | D:8      | Received a gift from Nemelex Xobeh
  7320 | D:8      | Reached XP level 9. HP: 42/52 MP: 15/15
  7397 | D:8      | Reached skill level 5 in Fighting
  7397 | D:8      | Reached skill level 5 in Invocations
  7496 | D:8      | Found a white marble altar of Elyvilon.
  7614 | D:8      | Noticed a two-headed ogre
  7619 | D:8      | Noticed Psyche
  7625 | D:8      | Killed Psyche
  7626 | D:8      | Killed a two-headed ogre
  7677 | D:8      | Received a gift from Nemelex Xobeh
  7810 | D:8      | Reached ** piety under Nemelex Xobeh
  7829 | D:8      | Reached XP level 10. HP: 52/61 MP: 11/16
  7832 | D:8      | Reached skill level 10 in Earth Magic
  8153 | D:9      | Reached skill level 1 in Armour
  8158 | D:9      | Got a brightly glowing fustibalus
  8174 | D:9      | Noticed a cyclops
  8182 | D:9      | Killed a cyclops
  8230 | D:9      | Noticed a two-headed ogre
  8241 | D:9      | Killed a two-headed ogre
  9088 | D:10     | Entered Level 10 of the Dungeon
  9088 | D:10     | Noticed Nergalle
  9102 | D:10     | Killed Nergalle
  9159 | D:10     | Noticed a green ugly thing
  9160 | D:10     | Noticed zapotec's ghost (journeyman TrFi)
  9164 | D:10     | Found a runed gate.
  9164 | D:10     | Found a runed gate.
  9165 | D:10     | Found a runed gate.
  9396 | D:10     | Noticed Erolcha
  9401 | D:10     | Killed Erolcha
  9401 | D:10     | Reached skill level 5 in Spellcasting
  9401 | D:10     | Reached XP level 11. HP: 65/71 MP: 18/18
  9454 | D:10     | Found a staircase to the Lair.
  9586 | D:10     | Learned a level 4 spell: Petrify
  9592 | D:10     | Learned a level 5 spell: Lee's Rapid Deconstruction
  9608 | D:10     | Reached *** piety under Nemelex Xobeh
  9739 | D:10     | You fall through a shaft for 2 floors!
  9741 | D:12     | Noticed a cyclops
  9788 | D:11     | Noticed a cyclops
  9801 | D:11     | Killed a cyclops
 10172 | D:11     | Found a staircase to the Orcish Mines.
 10760 | Lair:1   | Entered Level 1 of the Lair of Beasts
 10876 | Lair:1   | Reached skill level 10 in Invocations
 10905 | Lair:1   | Received a gift from Nemelex Xobeh
 11558 | Lair:1   | Reached XP level 12. HP: 76/76 MP: 10/22
 12283 | Lair:2   | Noticed an eight-headed hydra
 12288 | Lair:2   | Killed an eight-headed hydra
 12292 | Lair:2   | Reached skill level 5 in Short Blades
 12299 | Lair:2   | Noticed a five-headed hydra
 12384 | Lair:1   | Killed a five-headed hydra
 12540 | Lair:2   | Reached **** piety under Nemelex Xobeh
 12836 | Lair:2   | Found a staircase to the Snake Pit.
 12893 | Lair:2   | Found a dark tunnel.
 12893 | Lair:2   | Received a gift from Nemelex Xobeh
 13250 | Lair:2   | Reached skill level 5 in Dodging
 14046 | Lair:3   | Noticed a seven-headed hydra
 14068 | Lair:3   | Killed a seven-headed hydra
 14068 | Lair:3   | Reached skill level 1 in Throwing
 14126 | Lair:3   | Reached skill level 5 in Armour
 15064 | Lair:3   | Found a staircase to the Swamp.
 15126 | Lair:4   | Noticed a death yak
 15131 | Lair:4   | Noticed a five-headed hydra
 15131 | Lair:4   | a death yak changed into a five-headed hydra
 15135 | Lair:4   | Killed a five-headed hydra
 15135 | Lair:4   | Reached XP level 13. HP: 80/80 MP: 24/24
 15415 | Lair:4   | Received a gift from Nemelex Xobeh
 15963 | Lair:4   | Reached ***** piety under Nemelex Xobeh
 16039 | Lair:4   | Received a gift from Nemelex Xobeh
 16148 | Lair:4   | Noticed Nessos
 16470 | Lair:3   | Killed Nessos
 16686 | Lair:3   | Reached skill level 10 in Fighting
 17701 | Orc:1    | Entered Level 1 of the Orcish Mines
 17701 | Orc:1    | Received a gift from Nemelex Xobeh
 17702 | Orc:1    | Noticed Harold
 17718 | Orc:1    | Killed Harold
 18200 | D:11     | Found Reusmy's Assorted Antiques.
 18213 | D:11     | Bought a scroll of blinking for 232 gold pieces
 18799 | Orc:2    | Entered Level 2 of the Orcish Mines
 19365 | Orc:2    | Found a roughly hewn altar of Beogh.
 19378 | Orc:2    | Found a roughly hewn altar of Beogh.
 20222 | Orc:2    | Found Fyjeus's Book Boutique.
 20277 | Orc:2    | Found a staircase to the Elven Halls.
 20476 | Orc:2    | Noticed an orc warlord
 20633 | Orc:2    | Killed an orc warlord
 20714 | Orc:2    | Found a roughly hewn altar of Beogh.
 20714 | Orc:2    | Found Moiraige's Antique Armour Boutique.
 20717 | Orc:2    | Found Utaegab's Antique Weapon Shop.
 20780 | Orc:2    | Gained mutation: Your large and strong wings let you fly
                  | indefinitely. [Gargoyle growth]
 20780 | Orc:2    | Reached XP level 14. HP: 62/88 MP: 1/26
 21054 | Orc:2    | Found a roughly hewn altar of Beogh.
 21068 | Orc:2    | Found Wesoplax's Armour Shoppe.
 21125 | Orc:2    | Found a roughly hewn altar of Beogh.
 21125 | Orc:2    | Found Wamel's Food Shop.
 21189 | Orc:2    | Found a roughly hewn altar of Beogh.
 21214 | Orc:2    | Found a roughly hewn altar of Beogh.
 21423 | Orc:1    | Noticed an orc warlord
 21572 | Orc:1    | Killed an orc warlord
 22378 | Orc:2    | Reached skill level 1 in Transmutations
 22739 | Orc:1    | Received a gift from Nemelex Xobeh
 23725 | D:12     | Received a gift from Nemelex Xobeh
 24584 | D:13     | Received a gift from Nemelex Xobeh
 25100 | D:14     | Received a gift from Nemelex Xobeh
 25110 | D:14     | Noticed Josephine
 25135 | D:14     | Killed Josephine
 26454 | D:14     | Noticed Frances
 26470 | D:14     | Killed Frances
 26823 | D:14     | Reached XP level 15. HP: 20/96 MP: 2/27
 27165 | D:14     | Reached skill level 5 in Transmutations
 27907 | D:14     | Found a gate to the Vaults.
 27973 | D:15     | Entered Level 15 of the Dungeon
 28047 | D:15     | Reached ****** piety under Nemelex Xobeh
 28090 | D:15     | Received a gift from Nemelex Xobeh
 29116 | D:15     | Reached skill level 1 in Evocations
 29118 | D:15     | Reached skill level 10 in Spellcasting
 29797 | D:15     | Reached skill level 1 in Conjurations
 29839 | D:15     | Noticed Roxanne
 30086 | D:15     | Found a staircase to the Depths.
 30133 | D:15     | Received a gift from Nemelex Xobeh
 30638 | Swamp:1  | Entered Level 1 of the Swamp
 30966 | Swamp:1  | Learned a level 5 spell: Irradiate
 31040 | Swamp:1  | Received a gift from Nemelex Xobeh
 32881 | Swamp:2  | Received a gift from Nemelex Xobeh
 32933 | Swamp:2  | Reached skill level 5 in Evocations
 33049 | Swamp:2  | Reached skill level 5 in Conjurations
 33877 | Swamp:2  | Reached XP level 16. HP: 69/101 MP: 30/30
 34912 | Swamp:3  | Received a gift from Nemelex Xobeh
 35306 | Swamp:3  | Noticed a thorn hunter
 35316 | Swamp:3  | Killed a thorn hunter
 37054 | Swamp:3  | Received a gift from Nemelex Xobeh
 37135 | Swamp:4  | Entered Level 4 of the Swamp
 37722 | Swamp:4  | Received a gift from Nemelex Xobeh
 37806 | Swamp:3  | Killed from afar by a lindwurm

Skill      XL: |  1  2  3  4  5  6  7  8  9 10 11 12 13 14 15 16 |
---------------+-------------------------------------------------+-----
Earth Magic    | 4 5 6 7 8 9 10 11 12 | 12.9
Stealth        | 3 4 5 9 |  9.5
Short Blades   | 1 3 4 6 7 8 9 |  9.2
Fighting       | 1 4 6 9 10 11 12 | 12.0
Spellcasting   | 3 4 5 7 8 10 | 10.3
Invocations    | 1 4 6 9 10 12 | 12.0
Armour         | 4 6 |  6.9
Dodging        | 3 5 6 |  6.4
Throwing       | 4 |  4.3
Transmutations | 4 5 |  5.2
Evocations     | 5 |  5.0
Conjurations   | 6 8 |  8.1

Action                   |  1- 3 |  4- 6 |  7- 9 | 10-12 | 13-15 | 16-18 || total
-------------------------+-------+-------+-------+-------+-------+-------++-------
Melee: Club              |     4 |       |       |       |       |       ||     4
       Short sword       |    48 |   102 |       |       |       |       ||   150
       Dagger            |       |    14 |   175 |   382 |  1531 |       ||  2102
       Staff             |       |       |       |    10 |     9 |       ||    19
       Rapier            |       |       |       |       |    69 |   347 ||   416
 Cast: Sandblast         |    31 |    69 |    51 |   120 |    63 |    40 ||   374
       Stone Arrow       |       |     3 |     8 |   149 |   293 |    82 ||   535
       Passwall          |       |     1 |       |       |       |       ||     1
       Lee's Rapid Decon |       |       |       |    23 |   186 |     4 ||   213
       Petrify           |       |       |       |     2 |     8 |     2 ||    12
 Abil: Fly               |       |       |       |       |     1 |       ||     1
Evoke: Deck              |       |       |     8 |    20 |    34 |    12 ||    74
  Use: Scroll            |       |     2 |     1 |    14 |    11 |     1 ||    29
       Potion            |       |       |       |     1 |     2 |       ||     3
 Stab: Sleeping          |     3 |    10 |     2 |       |     1 |     1 ||    17
       Petrifying        |       |       |       |     1 |     3 |       ||     4
       Petrified         |       |       |       |       |    13 |     5 ||    18
       Distracted        |       |       |       |       |     2 |     1 ||     3
  Eat: Chunk             |     1 |    12 |    12 |    15 |    48 |     4 ||    92
       Ration            |       |       |       |     5 |    17 |     2 ||    24
Armor: Robe              |     2 |       |       |       |       |       ||     2
       Leather armour    |    19 |    64 |    27 |       |       |       ||   110
       Ring mail         |       |       |    75 |   379 |  1005 |   356 ||  1815
Dodge: Dodged            |    53 |   114 |    94 |   301 |   942 |   311 ||  1815
